 Dungeon Sprint DCSS version 0.26-a0-757-g626ac9e51a (webtiles) character file.

Game seed: 5159939986276035703

1619 rocky1 the Gelid (level 8, -4/62 HPs)
             Began as a Merfolk Ice Elementalist on Nov 8, 2020.
             Was a High Priest of Sif Muna.
             Slain by a freezing wraith (14 damage)
             ... in the Dungeon (Sprint VII: "The Pits").
             The game lasted 00:08:19 (1790 turns).

rocky1 the Gelid (Merfolk Ice Elementalist)         Turns: 1790, Time: 00:08:20

Health: -4/62      AC:  3    Str:  9    XL:     8   Next: 96%
Magic:  12/15      EV: 20    Int: 16    God:    Sif Muna [*****.]
Gold:   0          SH:  0    Dex: 17    Spells: 3/16 levels left

rFire    . . .     SeeInvis .   s - +2 halberd (flame)
rCold    . . .     Faith    .   (shield currently unavailable)
rNeg     . . .     Spirit   .   a - +0 robe
rPois    .         Reflect  .   (no helmet)
rElec    .         Harm     .   m - +0 cloak
rCorr    .         Rampage  .   (no gloves)
MR       .....     NoTele   +   (no boots)
Stlth    ++........             (no amulet)
HPRegen  0.20/turn              o - +3 ring of dexterity
MPRegen  0.14/turn              n - +3 ring of evasion

@: frozen ramparts, slowed, very slow
A: change form in water, swift swim, stealthy swim
a: Channel Magic, Forget Spell, Divine Exegesis, Renounce Religion


You were in the Dungeon.
You worshipped Sif Muna.
Sif Muna was extremely pleased with you.
You visited 1 branch

Inventory:

Hand Weapons
 s - a +2 halberd of flaming (weapon)
 t - a +4 quarterstaff of speed
Missiles
 l - a throwing net (quivered)
Armour
 a - a +0 robe (worn)
 m - a +0 cloak (worn)
Jewellery
 n - a +3 ring of evasion (right hand)
 o - a +3 ring of dexterity (left hand)
Scrolls
 h - a scroll of blinking
 i - 3 scrolls of remove curse
 j - 5 scrolls of amnesia
 k - a scroll of summoning
Potions
 b - 2 potions of invisibility
 c - 6 potions of curing
 d - 8 potions of heal wounds
 e - 3 potions of haste
 f - 2 potions of magic
 g - 2 potions of berserk rage
 p - 2 potions of brilliance
 q - 2 potions of might
 r - a potion of mutation


   Skills:
 + Level 5.0 Fighting
 + Level 6.8 Polearms
 - Level 3.3 Armour
 + Level 6.8 Dodging
 - Level 2.1 Stealth
 + Level 4.7 Spellcasting
 + Level 16.4 Ice Magic
 + Level 5.0 Invocations


You had 3 spell levels left.
You knew the following spells:

 Your Spells              Type           Power        Failure   Level
a - Freeze                Ice            ####         1%          1
b - Frozen Ramparts       Ice            ######       1%          3
c - Ozocubu's Armour      Ice            ######..     1%          3
d - Ozocubu's Refrigerat  Ice            ######....   2%          6

Your spell library contained the following spells:

 Spells                   Type           Power        Failure   Level
 Hailstorm                Conj/Ice       ####....     5%          4
 Summon Ice Beast         Ice/Summ       ####....     5%          4
 Absolute Zero            Ice            ######....   100%        9


Dungeon Overview and Level Annotations

Branches:
Dungeon (1/1)

Altars:
Ashenzari
Cheibriados
Dithmenos
Elyvilon
Fedhas
Gozag
Hepliaklqana
Kikubaaqudgha
Makhleb
Nemelex Xobeh
Okawaru
Qazlal
Ru
Sif Muna
Trog
Uskayaw
Vehumet
Wu Jian
Xom
Yredelemnul
Zin
The Shining One
Beogh
Jiyva
Lugonu


Message History

* * * LOW HITPOINT WARNING * * *
The freezing wraith completely resists.
The wall freezes the freezing wraith but do no damage.
The freezing wraith misses you.
The freezing wraith completely misses you.
The wall freezes the gnoll!
You kill the gnoll!
Sif Muna accepts your kill.
Your Fighting skill increases to level 5!
The wall freezes the gnoll.
You kill the gnoll!
Sif Muna accepts your kill.
You see here Xionty's Volume of Dark Rituals and Envenoming.
Sif Muna grants you a gift!
You feel much better.
The freezing wraith completely resists.
The wall freezes the freezing wraith but do no damage.
The freezing wraith hits you!
* * * LOW HITPOINT WARNING * * *
The freezing wraith freezes you!
You die...

))'.##......#..#......#
###.##................+
.....'................+
'#####......#..#......#
....##................#
###(#####'#####''######
....##.......##''#
....##.......##..##
#)####.......##.@.#
....##...<...###W..#
....##.......# ##)....
....##.......# .###+#
######.......# ##
.#..##########
.#[###########
.#[#....#..[.#
.#'#....#..[[#


You could see a freezing wraith.

Vanquished Creatures
  Harold (D)
  A gargoyle (D)
  A water moccasin (D)
  A floating eye (D)
  A sky beast (D)
  A scorpion (D)
  2 wights (D)
  An orc priest (D)
  An orc wizard (D)
  An iguana (D)
  A hell rat (D)
  4 gnolls (D)
  2 adders (D)
  2 orcs (D)
  A bat zombie (D)
  A goblin (D)
  2 quokkas (D)
  A frilled lizard (D)
  3 kobolds (D)
  A rat (D)
29 creatures vanquished.

Notes
Turn   | Place    | Note
-------+----------+-------------------------------------------
     0 | D        | rocky1 the Merfolk Ice Elementalist began the quest for the
                  | Orb.
     0 | D        | Reached XP level 1. HP: 13/13 MP: 3/3
    14 | D        | Reached skill level 5 in Ice Magic
    24 | D        | Found a bloodstained altar of Trog.
    24 | D        | Found a shimmering blue altar of Sif Muna.
    24 | D        | Found a viscous altar of Jiyva.
    24 | D        | Found a hazy altar of Hepliaklqana.
    24 | D        | Found an opulent altar of Gozag.
    25 | D        | Found a glowing golden altar of the Shining One.
    25 | D        | Found a glowing silver altar of Zin.
    25 | D        | Found a basalt altar of Yredelemnul.
    25 | D        | Found a shimmering altar of Xom.
    25 | D        | Found an ornate altar of the Wu Jian Council.
    25 | D        | Found a sacrificial altar of Ru.
    25 | D        | Found a stormy altar of Qazlal.
    25 | D        | Found an iron altar of Okawaru.
    25 | D        | Found a sparkling altar of Nemelex Xobeh.
    25 | D        | Found a burning altar of Makhleb.
    25 | D        | Found a blossoming altar of Fedhas.
    25 | D        | Found a white marble altar of Elyvilon.
    25 | D        | Found a shadowy altar of Dithmenos.
    25 | D        | Found a snail-covered altar of Cheibriados.
    27 | D        | Found a radiant altar of Vehumet.
    27 | D        | Found a corrupted altar of Lugonu.
    27 | D        | Found a roughly hewn altar of Beogh.
    28 | D        | Found a hide-covered altar of Uskayaw.
    28 | D        | Found an ancient bone altar of Kikubaaqudgha.
    28 | D        | Found a broken altar of Ashenzari.
    30 | D        | Became a worshipper of Sif Muna the Loreminder
    80 | D        | Reached * piety under Sif Muna
    85 | D        | Reached skill level 6 in Ice Magic
    85 | D        | Reached XP level 2. HP: 16/19 MP: 0/5
   236 | D        | Noticed a floating eye
   237 | D        | Noticed a water moccasin
   239 | D        | Reached skill level 7 in Ice Magic
   240 | D        | Reached ** piety under Sif Muna
   240 | D        | Reached XP level 3. HP: 19/24 MP: 2/6
   240 | D        | Paralysed by a floating eye for 2 turns
   245 | D        | Paralysed by a floating eye for 3 turns
   251 | D        | Killed a floating eye
   251 | D        | Reached skill level 11 in Ice Magic
   251 | D        | Reached XP level 4. HP: 25/30 MP: 2/7
   251 | D        | Reached XP level 5. HP: 29/35 MP: 2/8
   261 | D        | Killed a water moccasin
   261 | D        | Reached skill level 13 in Ice Magic
   261 | D        | Reached XP level 6. HP: 11/41 MP: 7/9
   630 | D        | Learned a level 3 spell: Frozen Ramparts
   634 | D        | Learned a level 3 spell: Ozocubu's Armour
   664 | D        | Noticed a sky beast
   670 | D        | Reached *** piety under Sif Muna
   674 | D        | Reached skill level 14 in Ice Magic
   678 | D        | Reached **** piety under Sif Muna
   681 | D        | Killed a sky beast
   681 | D        | Reached skill level 15 in Ice Magic
   681 | D        | Reached XP level 7. HP: 35/46 MP: 6/10
   781 | D        | Reached ***** piety under Sif Muna
   910 | D        | Identified Sif Muna's Reference Book on the Glacier (Sif
                  | Muna gifted it to you in the Dungeon)
   910 | D        | Received a gift from Sif Muna
   920 | D        | Reached skill level 1 in Polearms
   923 | D        | Reached skill level 1 in Fighting
   923 | D        | Reached skill level 1 in Invocations
  1279 | D        | Noticed a gargoyle
  1279 | D        | Noticed Harold
  1286 | D        | Killed a gargoyle
  1286 | D        | Reached skill level 5 in Dodging
  1286 | D        | Reached skill level 16 in Ice Magic
  1286 | D        | Reached XP level 8. HP: 58/58 MP: 4/13
  1303 | D        | Killed Harold
  1742 | D        | Learned a level 6 spell: Ozocubu's Refrigeration
  1782 | D        | Reached skill level 5 in Invocations
  1782 | D        | Noticed a freezing wraith
  1789 | D        | Reached skill level 5 in Fighting
  1789 | D        | Identified Xionty's Volume of Dark Rituals and Envenoming
                  | (Sif Muna gifted it to you in the Dungeon)
  1789 | D        | Received a gift from Sif Muna
  1790 | D        | Slain by a freezing wraith

Illustrated notes

Levels and vault maps discovered:
D:        pitsprint [storerooms_1, entrance_room_1, metal_vault_5, armoury_1,
          mini_pit_1, grid_room_1, main_hall_1, silver_pit, the_coven_1,
          the_vestibule_1, steel_vault_5, golden_pit, hallway_of_sentries,
          crystal_vault_6, iron_vault_1, final_vault]

Skill      XL: |  1  2  3  4  5  6  7  8 |
---------------+-------------------------+-----
Ice Magic      | 6 7 11 13 15 16 | 16.4
Polearms       | 4 6 |  6.8
Dodging        | 5 6 |  6.8
Fighting       | 3 5 |  5.0
Invocations    | 3 5 |  5.0
Armour         | 2 3 |  3.3
Spellcasting   | 3 4 |  4.7
Stealth        | |  2.1

Action                   |  1- 3 |  4- 6 |  7- 9 || total
-------------------------+-------+-------+-------++-------
Melee: Trident           |    17 |    13 |    30 ||    60
       Halberd           |       |       |     5 ||     5
 Cast: Freeze            |     8 |     4 |       ||    12
       Frozen Ramparts   |       |     2 |     5 ||     7
       Ozocubu's Armour  |       |     2 |     3 ||     5
  Use: Potion            |       |     2 |     5 ||     7
 Stab: Sleeping          |     2 |       |     1 ||     3
Armor: Robe              |     2 |     4 |     5 ||    11
Dodge: Dodged            |     8 |    12 |    32 ||    52

Table legend: (Time is in decaauts)
 A = Elapsed time spent in this place.
 B = Non-inter-level travel time spent in this place.
 C = Inter-level travel time spent in this place.
 D = Time resting spent in this place.
 E = Time spent auto-exploring this place.
 F = Levels seen in this place.
 G = Mean time per level.
                   A        B        C        D        E       F      G
               +--------+--------+--------+--------+--------+-----+--------+
         Total |   1815 |   1815 |      0 |   1346 |      0 |   1 | 1815.0 |
       Dungeon |   1815 |   1815 |      0 |   1346 |      0 |   1 | 1815.0 |
               +--------+--------+--------+--------+--------+-----+--------+

Top non-repeatable levels by time:
       D: 1815 daAuts
